 Dungeon Crawl Stone Soup version 0.21.1-1-g345015fe64 (webtiles) character file.

496 Ablot the Sneak (level 7, 0/50 HPs)
             Began as a Gnoll Enchanter on July 19, 2018.
             Slain by a slave (7 damage)
             ... led by Pikel
             ... on level 5 of the Dungeon on July 20, 2018.
             The game lasted 00:19:57 (3702 turns).

Ablot the Sneak (Gnoll Enchanter)                   Turns: 3702, Time: 00:19:58

Health: 0/50       AC:  5    Str: 10    XL:     7   Next: 15%
Magic:  2/15       EV: 15    Int: 17    God:
Gold:   133        SH:  0    Dex: 18    Spells: 11/17 levels left

rFire    . . .     SeeInvis .   a - +1 dagger
rCold    . . .     Gourm    .   (no shield)
rNeg     . . .     Faith    .   b - +0 robe
rPois    .         Spirit   .   g - +0 helmet
rElec    .         Reflect  .   n - +0 cloak
rCorr    .         Harm     .   w - +0 pair of gloves
MR       .....                  (no boots)
Stlth    ++++......             (no amulet)
HPRegen  0.16/turn              (no ring)
MPRegen  0.14/turn              (no ring)

@: no status effects
A: distributed training, fangs 1, strong nose
a: no special abilities


You were on level 5 of the Dungeon.
You were hungry.

You visited 1 branch of the dungeon, and saw 5 of its levels.

You collected 133 gold pieces.

Inventory:

Hand Weapons
 a - a +1 dagger (weapon)
 l - a +2 whip of flaming
 o - a +3 quarterstaff of chaos
Missiles
 p - 21 bolts
 q - 7 tomahawks (quivered)
 x - 25 sling bullets
Armour
 b - a +0 robe (worn)
 g - a +0 helmet (worn)
 n - a +0 cloak (worn)
 u - a +0 buckler
 w - a +0 pair of gloves (worn)
Jewellery
 s - a cursed ring of teleportation {unknown}
 A - an uncursed amulet of the gourmand {unknown}
Scrolls
 f - 2 scrolls of remove curse {unknown}
 h - 4 scrolls of identify {unknown}
 i - 2 scrolls of fog {unknown}
 k - a scroll of teleportation {unknown}
 t - a scroll of noise {unknown}
 v - a scroll of blinking {unknown}
 y - a scroll of immolation {unknown}
Potions
 e - 2 potions of heal wounds {unknown}
 j - a potion of degeneration {unknown}
 m - a potion of agility {unknown}
 z - 2 potions of mutation {unknown}
Books
 c - a book of Maledictions

   Spells                             Type                      Level
   a - Corona                         Hexes                        1
   b - Ensorcelled Hibernation        Hexes/Ice                    2
   c - Confuse                        Hexes                        3
   d - Tukima's Dance                 Hexes                        3
   e - Dazzling Spray                 Conjuration/Hexes            3
Comestibles
 d - 6 rations
 r - 8 chunks of flesh


   Skills:
 + Level 2.2 Fighting
 + Level 3.4 Short Blades
 + Level 2.2 Long Blades
 + Level 2.2 Axes
 + Level 2.2 Maces & Flails
 + Level 2.2 Polearms
 + Level 2.2 Staves
 + Level 2.2 Slings
 + Level 2.2 Bows
 + Level 2.2 Crossbows
 + Level 2.2 Throwing
 + Level 2.2 Armour
 + Level 5.1 Dodging
 + Level 6.4 Stealth
 + Level 2.2 Shields
 + Level 2.2 Unarmed Combat
 + Level 5.5 Spellcasting
 + Level 1.8 Conjurations
 + Level 5.7 Hexes
 + Level 1.8 Charms
 + Level 1.8 Summonings
 + Level 1.8 Necromancy
 + Level 1.8 Translocations
 + Level 1.8 Transmutations
 + Level 1.8 Fire Magic
 + Level 1.8 Ice Magic
 + Level 1.8 Air Magic
 + Level 1.8 Earth Magic
 + Level 1.8 Poison Magic
 + Level 2.5 Invocations
 + Level 2.2 Evocations


You had 11 spell levels left.
You knew the following spells:

 Your Spells              Type           Power        Failure   Level  Hunger
a - Corona                Hex            ###....      1%          1    None
b - Confuse               Hex            ###.....     3%          3    ##.....
c - Ensorcelled Hibernat  Hex/Ice        ###...       4%          2    #......


Dungeon Overview and Level Annotations

Branches:
Dungeon (5/15)
 Temple: D:4-7

Altars:
Nemelex Xobeh

Annotations:
D:4 Sigmund


Innate Abilities, Weirdness & Mutations

Your experience applies equally to all skills.
You have very sharp teeth.
Your uncanny sense of smell can sniff out nearby items.


Message History

* * * LOW HITPOINT WARNING * * *
Casting: Ensorcelled Hibernation
Confirm with . or Enter, or press ? or * to list all spells.
Aiming: Ensorcelled Hibernation
Press: ? - help, Shift-Dir - straight line, f/p - slave
Aim: a slave, wearing an animal skin (chance to defeat MR: 48%)
The slave resists with some effort.
The slave barely misses you.
Casting: Ensorcelled Hibernation
Confirm with . or Enter, or press ? or * to list all spells.
You don't have enough magic to cast that spell.
Unknown command.
You completely miss the slave. You closely miss the slave.
The slave misses you.
You hit the slave.
The slave is lightly wounded.
The slave completely misses you.
You hit the slave but do no damage.
The slave is lightly wounded.
The slave hits you!
You die...

###......
....r...$
.......# #.....#
#.....# #.....#
#.....# ∆.
+....@##+#####.c
#.....p.>.......
#+######....##.
#.....##....##.
#.....<.........
.............%!..
##.....###+######
#...?. .......


You could see a slave and a quokka (sleeping).

Vanquished Creatures
  Eustachio (D:4)
  The ghost of originalK the Cutter, a weakling BaGl (D:3)
  Crazy Yiuf (D:2)
  2 orc wizards (D:3)
  A worker ant (D:4)
  A hound skeleton (D:4)
  11 adders
  An ooze (D:2)
  3 worms
  2 dart slugs (D:2)
  A leopard gecko (D:2)
  6 orcs (D:3)
  2 ball pythons (D:1)
  2 giant cockroaches (D:2)
  7 hobgoblins
  14 jackals
  8 kobolds
  2 quokkas
  7 bats
  8 frilled lizards
  4 goblins
  5 rats
90 creatures vanquished.

Notes
Turn   | Place    | Note
-------+----------+-------------------------------------------
     0 | D:1      | Ablot the Gnoll Enchanter began the quest for the Orb.
     0 | D:1      | Reached XP level 1. HP: 13/13 MP: 6/6
   277 | D:1      | Reached XP level 2. HP: 19/19 MP: 7/7
   290 | D:1      | Found a sparkling altar of Nemelex Xobeh.
  1127 | D:2      | Reached XP level 3. HP: 25/25 MP: 9/9
  1132 | D:2      | Learned a level 3 spell: Confuse
  1135 | D:2      | Learned a level 2 spell: Ensorcelled Hibernation
  1169 | D:2      | Reached skill level 5 in Spellcasting
  1181 | D:2      | Reached skill level 6 in Stealth
  1186 | D:2      | Reached skill level 1 in Invocations
  1293 | D:2      | Reached skill level 1 in Fighting
  1293 | D:2      | Reached skill level 1 in Long Blades
  1293 | D:2      | Reached skill level 1 in Axes
  1293 | D:2      | Reached skill level 1 in Maces & Flails
  1293 | D:2      | Reached skill level 1 in Polearms
  1293 | D:2      | Reached skill level 1 in Staves
  1293 | D:2      | Reached skill level 1 in Slings
  1293 | D:2      | Reached skill level 1 in Bows
  1293 | D:2      | Reached skill level 1 in Crossbows
  1293 | D:2      | Reached skill level 1 in Throwing
  1293 | D:2      | Reached skill level 1 in Armour
  1293 | D:2      | Reached skill level 1 in Shields
  1293 | D:2      | Reached skill level 1 in Unarmed Combat
  1293 | D:2      | Reached skill level 1 in Evocations
  1293 | D:2      | Reached XP level 4. HP: 29/32 MP: 8/11
  1446 | D:2      | Found a runed door.
  1450 | D:2      | Noticed Crazy Yiuf
  1454 | D:2      | Killed Crazy Yiuf
  1454 | D:2      | Reached skill level 1 in Conjurations
  1454 | D:2      | Reached skill level 1 in Charms
  1454 | D:2      | Reached skill level 1 in Summonings
  1454 | D:2      | Reached skill level 1 in Necromancy
  1454 | D:2      | Reached skill level 1 in Translocations
  1454 | D:2      | Reached skill level 1 in Transmutations
  1454 | D:2      | Reached skill level 1 in Fire Magic
  1454 | D:2      | Reached skill level 1 in Ice Magic
  1454 | D:2      | Reached skill level 1 in Air Magic
  1454 | D:2      | Reached skill level 1 in Earth Magic
  1454 | D:2      | Reached skill level 1 in Poison Magic
  1701 | D:2      | Reached XP level 5. HP: 32/37 MP: 12/12
  2933 | D:3      | Reached XP level 6. HP: 44/44 MP: 13/13
  3100 | D:3      | Noticed originalK's ghost (weakling BaGl)
  3126 | D:3      | Killed originalK's ghost
  3362 | D:4      | Noticed Sigmund
  3370 | D:3      | Reached skill level 5 in Dodging
  3406 | D:4      | Noticed Eustachio
  3630 | D:4      | Noticed a slave
  3631 | D:4      | Killed Eustachio
  3631 | D:4      | Reached XP level 7. HP: 50/50 MP: 11/15
  3676 | D:5      | Entered Level 5 of the Dungeon
  3702 | D:5      | Slain by a slave

Skill      XL: |  1  2  3  4  5  6 |
---------------+-------------------+-----
Spellcasting   | 5 |  5.5
Stealth        | 6 |  6.4
Invocations    | 1 2 |  2.5
Fighting       | 1 2 |  2.2
Long Blades    | 1 2 |  2.2
Axes           | 1 2 |  2.2
Maces & Flails | 1 2 |  2.2
Polearms       | 1 2 |  2.2
Staves         | 1 2 |  2.2
Slings         | 1 2 |  2.2
Bows           | 1 2 |  2.2
Crossbows      | 1 2 |  2.2
Throwing       | 1 2 |  2.2
Armour         | 1 2 |  2.2
Shields        | 1 2 |  2.2
Unarmed Combat | 1 2 |  2.2
Evocations     | 1 2 |  2.2
Conjurations   | 1 |  1.8
Charms         | 1 |  1.8
Summonings     | 1 |  1.8
Necromancy     | 1 |  1.8
Translocations | 1 |  1.8
Transmutations | 1 |  1.8
Fire Magic     | 1 |  1.8
Ice Magic      | 1 |  1.8
Air Magic      | 1 |  1.8
Earth Magic    | 1 |  1.8
Poison Magic   | 1 |  1.8
Short Blades   | 3 |  3.4
Dodging        | 5 |  5.1
Hexes          | |  5.7

Action                   |  1- 3 |  4- 6 |  7- 9 || total
-------------------------+-------+-------+-------++-------
Melee: Dagger            |   123 |   197 |    20 ||   340
       Bite              |     6 |    20 |     2 ||    28
       Punch             |       |     1 |       ||     1
 Cast: Corona            |     5 |       |       ||     5
       Ensorcelled Hiber |     3 |    18 |     8 ||    29
       Confuse           |       |     5 |     1 ||     6
 Stab: Sleeping          |     5 |    25 |       ||    30
       Confused          |       |     2 |       ||     2
  Eat: Chunk             |     1 |     8 |       ||     9
Armor: Robe              |    17 |    34 |     4 ||    55
Dodge: Dodged            |    94 |   109 |    15 ||   218
